 Dungeon Crawl Stone Soup version 0.18.1-50-g88ac8fd (webtiles) character file.

58 thewizardguy the Covered (level 3, 0/33 HPs)
             Began as a Minotaur Fighter on Oct 3, 2016.
             Slain by Sigmund
             ... wielding a +0 scythe
              (7 damage)
             ... on level 2 of the Dungeon.
             The game lasted 00:07:04 (1428 turns).

thewizardguy the Covered (Minotaur Fighter)         Turns: 1428, Time: 00:07:04

Health: 0/33       AC:  7    Str: 21    XL:     3   Next: 76%
Magic:  2/2        EV:  8    Int:  5    God:
Gold:   94         SH:  9    Dex:  9    Spells: 0 memorised, 2 levels left

rFire  . . .     SeeInvis .     a - +0 long sword
rCold  . . .     Gourm    .     b - +0 scale mail
rNeg   . . .     Faith    .     c - +0 shield
rPois  .         Spirit   .     (helmet restricted)
rElec  .         Dismiss  .     (no cloak)
rCorr  .         Reflect  .     (no gloves)
SustAt .         Harm     .     (no boots)
MR     .....                    (no amulet)
Stlth  ..........               (no ring)
                                (no ring)

@: not resistant to hostile enchantments, extremely unstealthy
A: retaliatory headbutt, horns 2
a: no special abilities


You were on level 2 of the Dungeon.
You were not hungry.

You visited 1 branch of the dungeon, and saw 2 of its levels.

You collected 94 gold pieces.

Inventory:

Hand Weapons
 a - a +0 long sword (weapon)
Armour
 b - a +0 scale mail (worn)
 c - a +0 shield (worn)
Scrolls
 g - a scroll of magic mapping {unknown}
 h - 2 scrolls of teleportation {unknown}
 j - a scroll of enchant weapon {unknown}
 k - 2 scrolls of noise {unknown}
 l - a scroll of fear {unknown}
 m - a scroll of identify {unknown}
 o - a scroll of amnesia {unknown}
Potions
 d - a potion of might
 e - a potion of berserk rage {unknown}
 i - a potion of brilliance {unknown}
 n - a potion of ambrosia {unknown}
Comestibles
 f - 4 bread rations
 p - a chunk of flesh


   Skills:
 + Level 4.1 Fighting
 + Level 2.5 Long Blades
 + Level 4.3 Armour
 + Level 1.6 Dodging
 + Level 4.2 Shields


You had 2 spell levels left.
You didn't know any spells.

Dungeon Overview and Level Annotations

Branches:
Dungeon (2/15)

Altars:

Annotations:
D:2 Sigmund


Innate Abilities, Weirdness & Mutations

You reflexively headbutt those who attack you in melee.
You have a pair of horns on your head.


Message History

You see here 15 poisoned needles.
You open the door.
There is an open door here.
There is an open door here.
Sigmund the Dreaded comes into view.
He is wielding a scythe.
Sigmund shouts!
Sigmund casts a spell.
Sigmund flickers and vanishes!
Deactivating autopickup; reactivate with Ctrl-A.
A puff of flame appears from out of thin air!
The puff of flame hits you! Something hits you! You block something's attack.
You block something's attack.
Your shield and scale mail prevent you from hitting something.
Something hits you.
You barely miss something. Something hits you!
* * * LOW HITPOINT WARNING * * *
You hit something. Something hits you!
You die...

.##.#
#......#.##.#.....#
.##.#
#........##.#.....#
.##.#
#......####.#.....#
.##.# #......#
#.#.....# .##.#
#......# #.###.#.#
###'#'#####.# #.#.#
#.#.......# #.#.#
#[######### #.#.######
#.#..@....###.#.##...#
#.#.#####.#...#.##...#
..# #.#.#.....(... ###
##.#.#.#.######
#......#.# #...####.#
#...'....#
#...########## #####
#....#


There were no monsters in sight!

Vanquished Creatures
  Jessica (D:2)
  2 giant geckos (D:1)
  4 bats (D:1)
  2 giant cockroaches
  4 hobgoblins
  2 jackals (D:1)
  3 kobolds (D:1)
  5 giant newts
  2 goblins (D:1)
  7 rats (D:1)
32 creatures vanquished.

Notes
Turn   | Place    | Note
--------------------------------------------------------------
     0 | D:1      | thewizardguy the Minotaur Fighter began the quest for the Orb.
     0 | D:1      | Reached XP level 1. HP: 19/19 MP: 0/0
   134 | D:1      | Reached XP level 2. HP: 18/27 MP: 1/1
   698 | D:1      | Reached skill level 1 in Dodging
  1130 | D:2      | Reached XP level 3. HP: 33/33 MP: 2/2
  1336 | D:2      | Noticed Jessica
  1341 | D:2      | Killed Jessica
  1419 | D:2      | Noticed Sigmund
  1428 | D:2      | Slain by Sigmund

Skill      XL: |  1  2  3 |
---------------+----------+-----
Armour         | 4 |  4.3
Dodging        | 1 |  1.6
Fighting       | 4 |  4.1
Shields        | 4 |  4.2
Long Blades    | |  2.5

Action                   || total
-------------------------++-------
Melee: Long sword        ||    91
       Headbutt          ||     6
  Eat: Beef jerky        ||     1
Armor: Scale mail        ||    60
Dodge: Dodged            ||    42
Block: Shield            ||    57
